 Dungeon Crawl Stone Soup version 0.27.1-34-g3ba077fa99 (webtiles) character file.

Game seed: 18189721150124743492

1917 mcbry74 the Grappler (level 8, -8/70 HPs)
             Began as a Troll Gladiator on Jan 30, 2022.
             Mangled by Duvessa (14 damage)
             ... on level 6 of the Dungeon.
             The game lasted 00:18:05 (4688 turns).

mcbry74 the Grappler (Troll Gladiator)              Turns: 4688, Time: 00:18:05

Health: -8/70      AC:  5    Str: 23    XL:     8   Next: 95%
Magic:  7/7        EV:  6    Int:  6    God:
Gold:   237        SH: 14    Dex: 11    Spells: 7/7 levels left

rFire    . . .     SeeInvis .     - Unarmed
rCold    . . .     Faith    .   y - +0 tower shield
rNeg     . . .     Spirit   .   a - +0 robe
rPois    .         Reflect  .   b - +0 hat
rElec    .         Harm     .   m - +0 cloak
rCorr    .         Rampage  .   (gloves unavailable)
Will     .....                  (boots unavailable)
Stlth    +.........             (no amulet)
HPRegen  1.21/turn              (no ring)
MPRegen  0.10/turn              (no ring)

@: about to teleport
A: large, unfitting armour, claws 3, regeneration 1, shaggy fur 1, tough skin 1
a: no special abilities


You were on level 6 of the Dungeon.
You visited 1 branch of the dungeon, and saw 6 of its levels.

You collected 237 gold pieces.

Inventory:

Hand Weapons
 h - a +0 whip
 B - a +2 dire flail of holy wrath
Missiles
 c - 3 throwing nets
 e - 23 sling bullets
 k - 39 poisoned darts (quivered)
Armour
 a - a +0 robe (worn)
 b - a +0 hat (worn)
 m - a +0 cloak (worn)
 s - a +0 cloak
 y - a +0 tower shield (worn)
Jewellery
 x - a ring of flight
Wands
 t - a wand of charming (11)
Scrolls
 f - a scroll of immolation {unknown}
 i - a scroll of enchant armour {unknown}
 l - a scroll of acquirement {unknown}
 o - 2 scrolls of amnesia {unknown}
 q - 2 scrolls of holy word {unknown}
 r - 3 scrolls of teleportation
 u - 5 scrolls of identify {unknown}
 v - a scroll of fog {unknown}
Potions
 d - a potion of degeneration {unknown}
 g - a potion of might
 j - a potion of attraction {unknown}
 n - 2 potions of curing {unknown}
 p - a potion of resistance {unknown}
 w - a potion of flight {unknown}
 z - a potion of lignification {unknown}
 A - 2 potions of ambrosia {unknown}


   Skills:
 - Level 1.5 Fighting
 - Level 1.7 Throwing
 - Level 2.4 Dodging
 + Level 3.7 Shields
 * Level 10.9 Unarmed Combat


You had 7 spell levels left.
You didn't know any spells.
Your spell library contained the following spells:

 Spells                   Type           Power      Damage    Failure   Level
 Shock                    Conj/Air       0%         1d3       99%         1
 Swiftness                Air            0%         N/A       100%        3
 Airstrike                Air            0%         N/A       100%        4
 Alistair's Intoxication  Tmut/Pois      0%         N/A       100%        5
 Borgnjor's Vile Clutch   Necr/Erth      0%         N/A       100%        5
 Eringya's Noxious Bog    Tmut/Pois      0%         N/A       100%        6


Dungeon Overview and Level Annotations

Branches:
Dungeon (6/15)
 Temple: D:4-7

Altars:
Elyvilon
Nemelex Xobeh
Ru

Annotations:
D:6 Duvessa


Innate Abilities, Weirdness & Mutations

You are too large for most types of armour.
You have claws for hands.
Your natural rate of healing is unusually fast.
You are covered in fur. (AC +1)
You have tough skin. (AC +1)


Message History

Dowan gestures at you while chanting. The puff of frost hits you.
You claw Dowan!
Dowan is severely wounded.
Duvessa hits you with a +2 vampiric short sword!
You block Dowan's attack.
You mangle Dowan!!
You kill Dowan!
Duvessa screams in rage.
Duvessa goes berserk!
Duvessa hits you with a +2 vampiric short sword!
You block Duvessa's attack.
You closely miss Duvessa. You block Duvessa's attack. x2
You claw Duvessa!
Duvessa is moderately wounded.
You block Duvessa's attack.
Duvessa hits you with a +2 vampiric short sword!
Duvessa draws strength from your wounds!
You mangle Duvessa!!
Duvessa is heavily wounded.
Duvessa hits you with a +2 vampiric short sword!
Duvessa draws strength from your wounds!
Duvessa hits you with a +2 vampiric short sword!
* * * LOW HITPOINT WARNING * * *
You mangle Duvessa!!
Duvessa is severely wounded.
Duvessa hits you with a +2 vampiric short sword!
* * * LOW HITPOINT WARNING * * *
Duvessa draws strength from your wounds!
You block Duvessa's attack. You block Duvessa's attack.
You block Duvessa's attack.
Duvessa rages.
Duvessa hits you with a +2 vampiric short sword!
* * * LOW HITPOINT WARNING * * *
Duvessa draws strength from your wounds!
As you read the scroll labelled XUALANWEBU, it crumbles to dust.
You feel strangely unstable.
It was a scroll of teleportation.
Duvessa hits you with a +2 vampiric short sword!
You die...

#...........# #.....
#.#########.# #.##.# #.#
#.# #.##^# #.# #.# #.##.#
##.#########.#######.##.#
#.>.............[.##.##.#
#..########..........##.#
#..########.>####†.......
#......e@....####≈#######
#..##.............#
#.(....)...........####.#
#.#####.############ #.#
..# #.# #..# ..( #...
#..## ...# #... .....
#.##


You could see Duvessa (berserk).

Vanquished Creatures
  5 yaks
  Eustachio (D:4)
  Edmund (D:6)
  A water moccasin (D:5)
  A sky beast (D:6)
  A necrophage (D:4)
  A centaur (D:4)
  A phantom (D:5)
  Dowan (D:6)
  A water moccasin skeleton (D:4)
  An orc priest (D:5)
  Crazy Yiuf (D:3)
  An iguana (D:5)
  A jelly (D:5)
  2 orc wizards (D:5)
  2 hound skeletons
  7 gnolls
  7 adders
  3 worms
  4 dart slugs
  4 orcs (D:5)
  6 bats
  2 endoplasms (D:1)
  2 giant cockroaches (D:1)
  3 goblins
  6 hobgoblins
  3 jackals (D:4)
  A kobold (D:1)
  9 quokkas
  5 ball pythons
  A frilled lizard (D:1)
  6 rats
91 creatures vanquished.

Vanquished Creatures (others)
  23 plants (D:2)
23 creatures vanquished.

Grand Total: 114 creatures vanquished

Notes
Turn   | Place    | Note
-------+----------+-------------------------------------------
     0 | D:1      | mcbry74 the Troll Gladiator began the quest for the Orb.
     0 | D:1      | Reached XP level 1. HP: 19/19 MP: 0/0
    56 | D:1      | Found a faded altar of an unknown god.
   257 | D:1      | Reached XP level 2. HP: 27/27 MP: 1/1
   333 | D:1      | Reached skill level 4 in Unarmed Combat
   333 | D:1      | Reached XP level 3. HP: 27/33 MP: 2/2
   751 | D:2      | Reached skill level 5 in Unarmed Combat
   751 | D:2      | Reached XP level 4. HP: 34/41 MP: 3/3
  1011 | D:2      | Reached XP level 5. HP: 47/48 MP: 4/4
  1084 | D:2      | Found a sparkling altar of Nemelex Xobeh.
  1535 | D:3      | Found a sacrificial altar of Ru.
  1538 | D:3      | Reached skill level 6 in Unarmed Combat
  1751 | D:3      | Found a runed translucent door.
  1752 | D:3      | Noticed Crazy Yiuf
  1759 | D:3      | Killed Crazy Yiuf
  2123 | D:4      | Noticed Eustachio
  2137 | D:4      | Killed Eustachio
  2138 | D:4      | Reached skill level 7 in Unarmed Combat
  2138 | D:4      | Reached XP level 6. HP: 42/55 MP: 5/5
  2471 | D:4      | Reached skill level 8 in Unarmed Combat
  2577 | D:4      | Reached XP level 7. HP: 57/62 MP: 6/6
  2617 | D:4      | Found a white marble altar of Elyvilon.
  3186 | D:5      | Entered Level 5 of the Dungeon
  3707 | D:5      | Reached skill level 9 in Unarmed Combat
  3732 | D:5      | Reached skill level 1 in Shields
  3865 | D:5      | Noticed a yak
  3867 | D:5      | Noticed a yak
  3867 | D:5      | Noticed a yak
  3867 | D:5      | Noticed a yak
  3867 | D:5      | Noticed a yak
  3907 | D:5      | Killed a yak
  3908 | D:5      | Reached XP level 8. HP: 44/70 MP: 7/7
  4271 | D:5      | Reached skill level 10 in Unarmed Combat
  4570 | D:6      | Noticed Edmund
  4583 | D:6      | Killed Edmund
  4672 | D:6      | Noticed Duvessa
  4672 | D:6      | Noticed Dowan
  4676 | D:6      | Killed Dowan
  4688 | D:6      | Mangled by Duvessa

Illustrated notes

Levels and vault maps discovered:
D:1:      dpeg_arrival_tiny_a, layout_loops_ring,
          chequers_ecumenical_altar_simple_redux, corexii_hall_statues_l
D:2:      wad_woods_settlement, layout_basic, basic_altar, minivault_24
D:3:      layout_rooms, nicolae_ru_awakened_eye, uniq_crazy_yiuf_cottage
D:4:      layout_layer_cave, mainiacjoe_overflow_small_starburst, uniq_eustachio
D:5:      layout_cave_pods
D:6:      layout_loops_ring, serial_shops, shop_fountains, uniq_duvessa,
          uniq_edmund

Skill      XL: |  1  2  3  4  5  6  7  8 |
---------------+-------------------------+-----
Unarmed Combat | 4 5 7 8 9 10 | 10.9
Shields        | 1 3 |  3.7
Fighting       | |  1.5
Throwing       | |  1.7
Dodging        | |  2.4

Action                   |  1- 3 |  4- 6 |  7- 9 || total
-------------------------+-------+-------+-------++-------
Melee: Unarmed           |    70 |   115 |   108 ||   293
       Punch             |       |     2 |     2 ||     4
Throw: Dart              |       |       |     7 ||     7
  Use: Scroll            |       |       |     1 ||     1
 Stab: Sleeping          |     1 |       |       ||     1
Armor: Robe              |    18 |    43 |    20 ||    81
Dodge: Dodged            |    32 |    63 |    13 ||   108
Block: Tower shield      |       |       |    46 ||    46
